 Dungeon Crawl Stone Soup version 0.17.1-3-g152610e (webtiles) character file.

4903 WarriorsX the Geomancer (level 10, -2/56 HPs)
             Began as a Human Earth Elementalist on Mar 5, 2016.
             Was a Follower of Qazlal.
             Slain by an orc warrior
             ... wielding a +0 battleaxe
              (21 damage)
             ... on level 8 of the Dungeon.
             The game lasted 00:50:12 (9855 turns).

WarriorsX the Geomancer (Human Earth Elementalist)  Turns: 9855, Time: 00:50:12

Health: -2/56      AC:  7    Str:  8    XL:     10   Next: 80%
Magic:  18/20      EV: 14    Int: 17    God:    Qazlal [*.....]
Gold:   524        SH:  1    Dex: 14    Spells: 3 memorised, 20 levels left

rFire  + . .     SeeInvis .     y - 98 stones
rCold  + . .     Clarity  .     x - +2 robe
rNeg   . . .     SustAt   .     (no shield)
rPois  .         Gourm    .     (no helmet)
rElec  .         Spirit   .     (no cloak)
rCorr  .         Warding  .     b - +0 pair of gloves
rMut   .         Stasis   +     s - +0 pair of boots
MR     .....                    I - amulet of stasis
Stlth  ++........               a - ring of protection from cold
                                p - +2 ring of evasion

@: not resistant to hostile enchantments, unstealthy
A: dopey 1, fire resistance 1, frail 1, low mp 1, subdued magic 1
a: Renounce Religion


You were on level 8 of the Dungeon.
You worshipped Qazlal.
Qazlal was aware of your devotion.
You were not hungry.

You visited 2 branches of the dungeon, and saw 10 of its levels.
You also visited: Sewer.

You collected 524 gold pieces.

Inventory:

Hand Weapons
 i - a +2 scythe of venom
Missiles
 y - 98 stones (in hand)
Armour
 b - a +0 pair of gloves (worn)
 e - a +3 chain mail of cold resistance
 s - a +0 pair of boots (worn)
 x - a +2 robe (worn)
Jewellery
 a - a ring of protection from cold (right hand)
 p - a +2 ring of evasion (left hand)
 t - an uncursed ring of fire
 A - an uncursed amulet of resist mutation
 I - an amulet of stasis (around neck)
Wands
 r - a wand of confusion (23)
 u - a wand of lightning (4)
 w - a wand of digging (14)
 D - a wand of digging (9)
 F - a wand of random effects (22)
Scrolls
 g - 5 scrolls of immolation
 j - 4 scrolls of identify
 m - 4 scrolls of enchant armour
 o - 2 scrolls of blinking
 v - 5 scrolls of magic mapping
 B - a scroll of teleportation
 E - 2 scrolls of enchant weapon
 G - a scroll of noise
Potions
 f - a potion of brilliance
 z - a potion of might
 C - 2 potions of flight
Books
 c - a book of Geomancy

   Spells                             Type                      Level
   a - Sandblast                      Earth                        1
   b - Stoneskin                      Transmutation/Earth          2
   c - Passwall                       Transmutation/Earth          3
   d - Stone Arrow                    Conjuration/Earth            3
   e - Petrify                        Transmutation/Earth          4
   f - Lee's Rapid Deconstruction     Earth                        5
 n - a book of Death

   Spells                             Type                      Level
   a - Corpse Rot                     Necromancy                   2
   b - Sublimation of Blood           Necromancy                   2
   c - Agony                          Necromancy                   5
   d - Dispel Undead                  Necromancy                   5
   e - Excruciating Wounds            Charms/Necromancy            5
   f - Bolt of Draining               Conjuration/Necromancy       5
 J - a Necronomicon

   Spells                             Type                      Level
   a - Haunt                          Necromancy/Summoning         7
   b - Borgnjor's Revivification      Necromancy                   8
   c - Death's Door                   Charms/Necromancy            8
   d - Necromutation                  Transmutation/Necromancy     8
Comestibles
 d - 4 bread rations
 h - 3 slices of pizza
 k - 3 meat rations
 l - 4 beef jerkies
 q - 11 fruits


   Skills:
 - Level 6.9 Armour
 - Level 2.0 Dodging
 - Level 2.0 Stealth
 + Level 8.8 Spellcasting
 - Level 4.2 Conjurations
 - Level 5.0 Transmutations
 - Level 10.0 Earth Magic
 + Level 5.1 Invocations


You had 20 spell levels left.
You knew the following spells:

 Your Spells              Type           Power        Failure   Level  Hunger
a - Sandblast             Erth           ####..       1%          1    None
b - Stoneskin             Trmt/Erth      ###.....     1%          2    None
c - Stone Arrow           Conj/Erth      ###...       1%          3    None


Dungeon Overview and Level Annotations

Branches:
Dungeon (9/15)             Temple (1/1) D:7
   Lair: D:8-11         Orc: D:9-12

Altars:
Ashenzari
Cheibriados
Dithmenos
Elyvilon
Fedhas
Gozag
Kikubaaqudgha
Makhleb
Nemelex Xobeh
Okawaru
Qazlal
Ru
Sif Muna
Trog
Vehumet
Xom
Yredelemnul
Zin
The Shining One

Shops:
D:5 }

Annotations:
D:1 Natasha


Innate Abilities, Weirdness & Mutations

You are dopey. (Int -2)
Your flesh is heat resistant.
You are frail (-10% HP).
Your magical capacity is low (-10% MP).
Your spells are a little easier to cast, but a little less powerful.


Message History

Something smites you!
Casting: Sandblast
Confirm with . or Enter, or press ? or * to list all spells.
Aiming: Sandblast
Press: ? - help, Shift-Dir - straight line, f/p - orc warrior
Aim: an orc warrior, wielding a battleaxe and wearing a plate armour (lightly wounded)
The rocky blast hits the orc warrior.
The orc warrior is lightly wounded.
The orc warrior hits you with a battleaxe.
The orc warrior completely misses you.
You climb upwards.
There is a stone staircase leading down here.
Casting: Sandblast
Confirm with . or Enter, or press ? or * to list all spells.
Aiming: Sandblast
Press: ? - help, Shift-Dir - straight line, f - orc warrior
Aim: an orc warrior, wielding a battleaxe and wearing a plate armour (lightly wounded)
The rocky blast misses the orc warrior.
The orc warrior hits you with a battleaxe!!
You die...

....#......#.# ### #.#
##...........# ##.## #.#
##.....###...#######...## #.#
.........#..............###.#
##.#...#.#...#####.......##.###
.......#.#.<.###..............#
##...............#.......##.#.#
##..........#######.....###.#.#
.........##.....@o..........#.#
.......#.##.########.<(######.#
####...#.# .# ##.## #.# #...#.#
.. ..# #.### #.#.#.# .# ####
#.... ##...#...# .# #####
...#####.. ##.. .#


You could see an orc warrior.

Vanquished Creatures
  A two-headed ogre (D:8)
  Grinder (D:6)
  Prince Ribbit (D:8)
  Sigmund (D:2)
  A wyvern (D:8)
  The ghost of Kokonut the Cudgeler, an amateur MiBe of Trog (D:4)
  Menkaure (D:4)
  A water moccasin (D:8)
  Duvessa (D:6)
  3 sky beasts
  2 ice beasts
  A black bear (D:6)
  An ogre (D:8)
  A centaur (D:5)
  3 giant frogs
  Dowan (D:6)
  2 crimson imps (D:8)
  A gnoll shaman (D:6)
  4 orc wizards
  3 orc priests
  A jelly (D:5)
  3 giant frog skeletons
  2 worker ants
  Jessica (D:3)
  A centaur skeleton (D:4)
  3 hounds
  Terence (D:2)
  2 iguanas
  Natasha (D:2)
  A worker ant zombie (D:6)
  4 gnolls (D:6)
  13 adders
  4 shadow imps
  7 oozes
  2 worms
  2 adder skeletons
  16 giant geckos
  8 orcs
  12 ball pythons
  14 hobgoblins
  2 jackals (D:2)
  4 kobolds
  A quokka (D:7)
  A ball python skeleton (D:4)
  9 bats
  19 giant cockroaches
  A giant gecko skeleton (D:6)
  12 giant newts
  10 goblins
  11 rats
199 creatures vanquished.

Vanquished Creatures (others)
  A rat (D:1)
1 creature vanquished.

Grand Total: 200 creatures vanquished

Notes
Turn   | Place    | Note
--------------------------------------------------------------
     0 | D:1      | WarriorsX the Human Earth Elementalist began the quest for the Orb.
     0 | D:1      | Reached XP level 1. HP: 13/13 MP: 3/3
   423 | D:1      | Reached XP level 2. HP: 19/19 MP: 0/5
   733 | D:1      | Reached skill level 4 in Earth Magic
   733 | D:1      | Reached XP level 3. HP: 18/24 MP: 3/6
  1693 | D:1      | Learned a level 2 spell: Stoneskin
  1757 | D:2      | Reached XP level 4. HP: 25/30 MP: 1/8
  1803 | D:2      | Noticed Natasha
  1816 | D:2      | Killed Natasha
  1870 | D:2      | Noticed Sigmund
  1912 | D:2      | Noticed Terence
  1913 | D:2      | Noticed Natasha
  1993 | D:2      | Killed Terence
  1993 | D:2      | Reached XP level 5. HP: 35/35 MP: 0/10
  3044 | D:2      | Killed Sigmund
  3044 | D:2      | Reached skill level 5 in Spellcasting
  3044 | D:2      | Reached XP level 6. HP: 41/41 MP: 3/14
  3405 | D:3      | Found a glowing drain.
  3430 | Sewer    | Entered a sewer
  3434 | Sewer    | Reached XP level 7. HP: 38/46 MP: 6/15
  3592 | Sewer    | Reached skill level 5 in Earth Magic
  3766 | Sewer    | Reached skill level 6 in Earth Magic
  4181 | D:3      | Learned a level 3 spell: Stone Arrow
  4277 | D:3      | Noticed Jessica
  4282 | D:3      | Reached skill level 1 in Conjurations
  4294 | D:3      | Killed Jessica
  4862 | D:4      | Reached XP level 8. HP: 46/52 MP: 11/16
  5243 | D:4      | Noticed Menkaure
  5249 | D:4      | Killed Menkaure
  5623 | D:4      | Noticed Kokonut's ghost (amateur MiBe)
  5629 | D:4      | Killed Kokonut's ghost
  6163 | D:5      | Entered Level 5 of the Dungeon
  6286 | D:5      | Reached skill level 7 in Earth Magic
  6299 | D:5      | Gained mutation: You are frail (-10% HP). [mutagenic meat]
  6300 | D:5      | Gained mutation: You are dopey. (Int -2) [mutagenic meat]
  6301 | D:5      | Gained mutation: Your spells are a little easier to cast, but a little less powerful. [mutagenic meat]
  6302 | D:5      | Gained mutation: Your magical capacity is low (-10% MP). [mutagenic meat]
  6304 | D:5      | Gained mutation: Your flesh is heat resistant. [mutagenic meat]
  6679 | D:5      | Found a sparkling altar of Nemelex Xobeh.
  6718 | D:5      | Found Ruifos's Quality Used Wands.
  7197 | D:5      | Reached XP level 9. HP: 51/51 MP: 2/16
  7199 | D:5      | Found a sacrificial altar of Ru.
  7211 | D:5      | Found a glowing silver altar of Zin.
  7211 | D:5      | Found a shattered altar of Ashenzari.
  7211 | D:5      | Found a stormy altar of Qazlal.
  7215 | D:5      | Found a glowing golden altar of the Shining One.
  7217 | D:5      | Found a snail-covered altar of Cheibriados.
  7218 | D:5      | Found an ancient bone altar of Kikubaaqudgha.
  7235 | D:5      | Became a worshipper of Qazlal Stormbringer
  7477 | D:6      | Reached skill level 5 in Transmutations
  7477 | D:6      | Reached skill level 9 in Earth Magic
  7477 | D:6      | Reached skill level 5 in Invocations
  7477 | D:6      | Reached XP level 10. HP: 56/56 MP: 15/19
  7566 | D:6      | Noticed Grinder
  7576 | D:6      | Killed Grinder
  7670 | D:6      | Noticed Dowan
  7673 | D:6      | Noticed Duvessa
  7677 | D:6      | Killed Dowan
  7683 | D:6      | Killed Duvessa
  8362 | D:7      | Reached * piety under Qazlal
  8481 | D:7      | Found a staircase to the Ecumenical Temple.
  8492 | Temple   | Entered the Ecumenical Temple
  9726 | D:8      | Noticed Prince Ribbit
  9731 | D:8      | Killed Prince Ribbit
  9731 | D:8      | Reached skill level 10 in Earth Magic
  9855 | D:8      | Slain by an orc warrior

Action                   |  1- 3 |  4- 6 |  7- 9 | 10-12 || total
-------------------------+-------+-------+-------+-------++-------
Melee: Unarmed           |    10 |    13 |       |       ||    23
       Scythe            |       |       |     8 |       ||     8
 Cast: Sandblast         |    50 |    78 |   142 |   116 ||   386
       Stoneskin         |     2 |     2 |       |       ||     4
       Stone Arrow       |       |       |    46 |       ||    46
  Use: Scroll            |       |     7 |     4 |     2 ||    13
       Potion            |       |     3 |     1 |     5 ||     9
  Eat: Chunk             |     3 |     6 |    18 |     7 ||    34
       Fruit             |       |       |     2 |       ||     2
